Map: Kairos Junction LE

Players

KannaFromMS - Winner!

  • Race: Zerg Zerg
  • League: Gold
  • Spawn Location: 5:00

wesCRUSHer

  • Race: Protoss Protoss
  • League: Platinum
  • Spawn Location: 11:00

VOD

Have the link to the VOD?

Description

Time

  • Played on: Jan. 26, 2019, 10:57 p.m.
  • Length: 4:12
Show
View Real Time Build Order
Export as new Build Order

KannaFromMS Zerg - Winner!

Build Orders: Hatch First 

Get SALT Encoding   

  12  0:01  Drone  
  13  0:18  Overlord  
  13  0:19  Drone  
  14  0:37  Drone x2  
  16  1:03  Hatchery  
  15  1:07  Drone x3  
  18  1:28  Drone  
  19  1:35  Spawning Pool  
  18  1:40  Drone  
  18  1:41  Drone  
  19  2:16  Drone x2  
  19  2:17  Drone x2  
  22  2:35  Zergling x2  
  22  2:36  Zergling x2  
  21  2:47  Zergling x2  
  21  2:48  Zergling x4  
  23  2:59  Zergling x2  
  23  3:00  Zergling x4  
  24  3:16  Zergling x4  
  26  3:23  Drone  
  26  3:24  Overlord  
  27  3:49  Drone x4  
Show
View Real Time Build Order
Export as new Build Order

wesCRUSHer Protoss 

Build Orders: Cannon Rush 

Get SALT Encoding   

  12  0:01  Probe  
  13  0:14  Pylon  
  13  0:20  Probe  
  14  0:32  Probe  
  15  0:36  Forge  
  15  0:45  Probe  
  16  0:51  Pylon  
  16  1:10  Photon Cannon  
  16  1:16  Gateway  
  16  1:31  Photon Cannon  
  16  1:32  Photon Cannon  
  16  1:53  Photon Cannon  
  16  1:55  Zealot  
  16  1:57  Photon Cannon  
  16  2:08  Photon Cannon  
  18  2:14  Pylon  
  18  2:27  Zealot  
  20  3:00  Pylon  
  18  3:08  Pylon  
  18  3:25  Assimilator  
  18  3:30  Assimilator  
  18  3:37  Cybernetics Core  
  16  3:46  Photon Cannon  
  16  3:50  Gateway  
  16  3:54  Gateway  
Tags
 
Add a new tag
Caveats
  • Supply blocks, unpowered buildings, or Contaminate may cause inaccurate times.
  • Supply counts are checked every 10 seconds.